 Dungeon Crawl Stone Soup version 0.15-a0-1632-gd490d05 (console) character file.

88 Kellhus the Ruinous (level 4, 33/33 HPs)
             Began as a Demigod Wizard on June 21, 2014.
             Quit the game on Level 2 of the Dungeon.
             The game lasted 00:03:07 (2616 turns).

Kellhus the Ruinous (Demigod Wizard)                Turns: 2616, Time: 00:03:07

HP  33/33        AC  3     Str 11      XL: 4   Next:  8%
MP  11/11        EV 12     Int 24      God:
Gold 74          SH  0     Dex 14      Spells:  1 memorised,  7 levels left

rFire  . . .     SeeInvis .     f - +1 dagger (venom)
rCold  . . .     Clarity  .     a - +0 robe
rNeg   . . .     rCorr    .     (no shield)
rPois  .         rRot     .     b - +0 hat
rElec  .         Spirit   .     (no cloak)
SustAb .         Warding  .     (no gloves)
rMut   .         Stasis   .     j - +0 pair of boots
Gourm  .                        (no amulet)
MR     .....                    (no ring)
                                (no ring)

@: not resistant to hostile enchantments, unstealthy
A: no striking features
a: no special abilities


You were on level 2 of the Dungeon.
You were hungry.

You visited 1 branch of the dungeon, and saw 2 of its levels.

You collected 74 gold pieces.

Inventory:

Hand weapons
 f - a +1 dagger of venom (weapon)
Armour
 a - a +0 robe (worn)
 b - a +0 hat (worn)
 j - a +0 pair of boots (worn)
Comestibles
 d - 5 bread rations
 n - 2 slices of pizza
Scrolls
 h - 2 scrolls of recharging {unknown}
 k - a scroll of remove curse {unknown}
 l - a scroll of magic mapping {unknown}
 m - a scroll of identify {unknown}
 o - 2 scrolls of enchant armour {unknown}
Jewellery
 q - an uncursed ring of positive energy {unknown}
Potions
 e - a potion of heal wounds {unknown}
 g - a potion of curing {unknown}
 i - a potion of restore abilities {unknown}
 p - a potion of agility {unknown}
Books
 c - a book of Minor Magic

   Spells                             Type                      Level
   *Magic Dart                        Conjuration                  1
   Blink                              Translocation                2
   Call Imp                           Summoning                    2
   Repel Missiles                     Charms/Air                   2
   Slow                               Hexes                        2
   Conjure Flame                      Conjuration/Fire             3
   Mephitic Cloud                     Conjuration/Poison/Air       3


   Skills:
 - Level 1.7 Dodging
 - Level 1.7 Stealth
 - Level 2.6 Spellcasting
 + Level 3.8 Conjurations
   Level 0.8 Summonings
   Level 0.8 Translocations


You had 7 spell levels left.
You knew the following spells:

 Your Spells              Type           Power        Failure   Level  Hunger
a - Magic Dart            Conj           ###.         2%          1    None


Dungeon Overview and Level Annotations

Branches:
Dungeon (2/15)


Message History

Casting: Magic Dart
Confirm with . or Enter, or press ? or * to list all spells.
Aiming: Magic Dart
Press: ? - help, Shift-Dir - straight line, f - goblin
Aim: a goblin, wielding a club (hasn't noticed you)
The magic dart hits the goblin.
You kill the goblin!
Casting: Magic Dart
Confirm with . or Enter, or press ? or * to list all spells.
You can't see any susceptible monsters within range! (Use Z to cast anyway.)
Casting: Magic Dart
Confirm with . or Enter, or press ? or * to list all spells.
You can't see any susceptible monsters within range! (Use Z to cast anyway.)
You see here a club.
Magic restored.
There is an open door here.
q - a small brass ring A hobgoblin comes into view.
The hobgoblin shouts!
Are you sure you want to abandon this character and quit the game? (Confirm with "yes".)

#####
#....
#.###
#.###
########
#.#..
#..@...#
#.#..
##.###.#
#.#.. #.
#.#
#.#.. #.
#.#
#.#.. #.
#.#
#.... #g
#.#
####. #.
#.# ##.
#. #.#
#.. .
#.#
#####..


You could see a hobgoblin.

Vanquished Creatures
  4 adders (D:2)
  A giant gecko (D:1)
  5 bats
  3 hobgoblins
  8 kobolds
  2 giant cockroaches (D:2)
  A giant newt (D:1)
  10 goblins
  7 jackals (D:1)
  4 rats
45 creatures vanquished.

Notes
Turn   | Place    | Note
--------------------------------------------------------------
     0 | D:1      | Kellhus, the Demigod Wizard, began the quest for the Orb.
     0 | D:1      | Reached XP level 1. HP: 14/14 MP: 4/4
    53 | D:1      | Reached skill level 1 in Conjurations
   463 | D:1      | Reached XP level 2. HP: 20/20 MP: 1/6
  1576 | D:2      | Reached skill level 3 in Conjurations
  1576 | D:2      | Reached XP level 3. HP: 26/26 MP: 1/8
  1799 | D:2      | Found a deep blue altar of Sif Muna.
  2354 | D:2      | Reached XP level 4. HP: 31/33 MP: 5/11
  2616 | D:2      | Quit the game

Action                   |  1- 3 |  4- 6 || total
-------------------------+-------+-------++-------
Melee: Unarmed           |     1 |       ||     1
       Dagger            |    25 |       ||    25
 Cast: Magic Dart        |    95 |     4 ||    99
